 Dungeon Crawl Stone Soup version 0.25-a0-668-gea548f19b6 (webtiles) character file.

Game seed: 9813565870679941798, levelgen mode: deterministic

105 magipi the Chucker (level 4, -2/35 HPs)
             Began as a Demonspawn Hunter on Mar 28, 2020.
             Slain by a worker ant (3 damage)
             ... on level 3 of the Dungeon.
             The game lasted 00:09:11 (3706 turns).

magipi the Chucker (Demonspawn Hunter)              Turns: 3706, Time: 00:09:12

Health: -2/35      AC:  9    Str: 13    XL:     4   Next: 54%
Magic:  0/4        EV:  6    Int: 13    God:
Gold:   99         SH:  0    Dex: 13    Spells: 3/3 levels left

rFire    . . .     SeeInvis .   a - +0 short sword
rCold    . . .     Gourm    .   (no shield)
rNeg     . . .     Faith    .   o - +0 chain mail
rPois    .         Spirit   +   b - +0 helmet
rElec    .         Reflect  .   (no cloak)
rCorr    .         Harm     .   (no gloves)
MR       .....                  (no boots)
Stlth    ..........             (no amulet)
HPRegen  0.11/turn              (no ring)
MPRegen  0.09/turn              (no ring)

@: mighty, brilliant, lethally poisoned (-2 -> -20)
A: powered by pain 1, magic shield
a: no special abilities


You were on level 3 of the Dungeon.
You were not hungry.

You visited 1 branch of the dungeon, and saw 3 of its levels.

You collected 99 gold pieces.

Inventory:

Hand Weapons
 a - a +0 short sword (weapon)
 l - a +0 short sword of venom
   (You found it on level 2 of the Dungeon)
 n - a +0 spear of venom
   (You found it on level 2 of the Dungeon)
Missiles
 c - 6 javelins (quivered)
 d - 2 throwing nets
Armour
 b - a +0 helmet (worn)
   (You found it on level 2 of the Dungeon)
 o - a +0 chain mail (worn)
   (You found it on level 2 of the Dungeon)
Jewellery
 j - a +3 ring of protection {unknown}
   (You found it on level 2 of the Dungeon)
 t - a +1 ring of evasion {unknown}
   (You found it on level 2 of the Dungeon)
 u - a +4 ring of protection {unknown}
   (You found it on level 2 of the Dungeon)
Wands
 p - a wand of random effects (14)
   (You found it on level 2 of the Dungeon)
Scrolls
 g - a scroll of amnesia {unknown}
 k - 3 scrolls of identify {unknown}
 m - a scroll of noise {unknown}
 q - a scroll of fear {unknown}
 v - a scroll of enchant armour {unknown}
Potions
 e - a potion of might
 h - a potion of stabbing {unknown}
 i - a potion of brilliance
 r - a potion of mutation {unknown}
 s - a potion of invisibility {unknown}
 w - a potion of berserk rage {unknown}
Comestibles
 f - 7 rations
 x - 3 chunks of flesh


   Skills:
 + Level 3.2 Fighting
 + Level 4.3 Throwing
 + Level 2.9 Dodging
 - Level 0.8 Stealth


You had 3 spell levels left.
You didn't know any spells.
Your spell library was empty.

Dungeon Overview and Level Annotations

Branches:
Dungeon (3/15)

Altars:
Hepliaklqana


Innate Abilities, Weirdness & Mutations

You sometimes gain a little power by taking damage.
When hurt, damage is shared between your health and your magic reserves.


Message History

You see here a worm corpse.
You butcher the worm corpse.
x - 4 chunks of flesh (gained 3) Eating one of 4 chunks of flesh.
You eat one of the 4 chunks of flesh.
This raw flesh tastes terrible.
Magic restored.
Found a stone staircase leading up.
Unknown command.
f - 7 rations (gained 1)
Found an escape hatch in the floor.
A kobold comes into view. It is wielding a +0 whip.
The kobold shouts!
You hear a shout!
The kobold throws a stone.
The stone hits you.
The kobold throws a stone.
The stone hits you but does no damage.
You see here a stone.
A hobgoblin comes into view. It is wielding a +0 club.
The kobold barely misses you.
You hit the kobold.
The kobold is moderately wounded.
The kobold hits you but does no damage.
You closely miss the kobold.
The kobold is moderately wounded.
The kobold barely misses you.
You hit the kobold but do no damage.
The kobold is moderately wounded.
The kobold hits you but does no damage.
You hit the kobold.
You kill the kobold!
Things that are here:
a +0 whip; 3 stones You hit the hobgoblin.
The hobgoblin is almost dead.
The hobgoblin hits you but does no damage.
You hit the hobgoblin.
You kill the hobgoblin!
No target in view!
No target in view!
You see here a +0 club.
A worker ant comes into view.
Your chain mail prevents you from hitting the worker ant.
The worker ant bites you.
You barely miss the worker ant.
The worker ant bites you but does no damage.
You hit the worker ant but do no damage.
The worker ant bites you but does no damage. x2
You closely miss the worker ant.
The worker ant bites you but does no damage.
You closely miss the worker ant.
The worker ant bites you but does no damage.
You hit the worker ant.
The worker ant is moderately wounded.
The worker ant bites you but does no damage. x2
You hit the worker ant.
The worker ant is heavily wounded.
The worker ant bites you.
You barely miss the worker ant.
The worker ant is heavily wounded.
The worker ant bites you but does no damage.
You barely miss the worker ant.
The worker ant is heavily wounded.
The worker ant bites you. x2
You are poisoned.
The worker ant poisons you!
You are too injured to fight recklessly!
You are too injured to fight recklessly!
You are too injured to fight recklessly!
You closely miss the worker ant.
The worker ant is heavily wounded.
You feel sick.
The worker ant bites you but does no damage.
You hit the worker ant but do no damage.
The worker ant is moderately wounded.
You feel sick. The worker ant barely misses you.
Your chain mail prevents you from hitting the worker ant.
The worker ant is moderately wounded.
The worker ant bites you but does no damage.
You hit the worker ant.
The worker ant is severely wounded.
You feel sick. The worker ant bites you. x2
Unknown command.
You completely miss the worker ant.
The worker ant is severely wounded.
The worker ant bites you.
* * * LOW HITPOINT WARNING * * *
You are lethally poisoned!
The worker ant poisons you!
Unknown command.
Unknown command.
It was a potion of might.
You feel very mighty all of a sudden.
* * * LOW HITPOINT WARNING * * *
You feel sick. The worker ant bites you.
* * * LOW HITPOINT WARNING * * *
You are more poisoned.
The worker ant poisons you!
It was a potion of brilliance.
You feel clever all of a sudden.
* * * LOW HITPOINT WARNING * * *
You feel sick. The worker ant bites you.
You die...

#. ........# #.
....... #. ......
#. ..... #. ...#
##. ..# ##. #..
#a##########.. #..
#@##......<#.###..
#.##.......#......
#.##............#.
#.# ........#.#...
#)# ..........###.
#)# ####.....###.
#.# ##..##.....
#(######...#####..
#>.......#.##.....


You could see a worker ant.

Vanquished Creatures
  2 adders (D:2)
  3 oozes
  5 worms
  2 leopard geckos
  An orc (D:3)
  8 bats
  A giant cockroach (D:2)
  4 goblins
  11 hobgoblins
  3 jackals (D:1)
  5 kobolds
  2 quokkas (D:3)
  A ball python (D:2)
  3 frilled lizards
  8 rats
59 creatures vanquished.

Notes
Turn   | Place    | Note
-------+----------+-------------------------------------------
     0 | D:1      | magipi the Demonspawn Hunter began the quest for the Orb.
     0 | D:1      | Reached XP level 1. HP: 16/16 MP: 1/1
   205 | D:1      | Gained mutation: When hurt, damage is shared between your
                  | health and your magic reserves. [demonic ancestry]
   205 | D:1      | Reached XP level 2. HP: 15/22 MP: 2/2
  1019 | D:1      | Reached XP level 3. HP: 18/28 MP: 3/3
  1863 | D:2      | Reached skill level 4 in Throwing
  2710 | D:2      | Gained mutation: You sometimes gain a little power by
                  | taking damage. [demonic ancestry]
  2710 | D:2      | Reached XP level 4. HP: 35/35 MP: 4/4
  3068 | D:3      | Found a hazy altar of Hepliaklqana.
  3706 | D:3      | HP: 1/35 [poisoned by a worker ant]
  3706 | D:3      | Slain by a worker ant

Levels and vault maps discovered:
D:1:      sevenhm_arrival_forest_fort_large_2, layout_basic
D:2:      layout_basic, minmay_pentomino_u4
D:3:      layout_rooms, lemuel_round_altar

Skill      XL: |  1  2  3 |
---------------+----------+-----
Dodging        | 2 |  2.9
Throwing       | 4 |  4.3
Fighting       | 3 |  3.2
Stealth        | |  0.8

Action                   |  1- 3 |  4- 6 || total
-------------------------+-------+-------++-------
Melee: Short sword       |   158 |   123 ||   281
Throw: Javelin           |    10 |       ||    10
  Use: Potion            |       |     2 ||     2
  Eat: Chunk             |     2 |     4 ||     6
       Ration            |     1 |       ||     1
Armor: Leather armour    |    31 |       ||    31
       Chain mail        |    15 |    73 ||    88
Dodge: Dodged            |    88 |    29 ||   117

Table legend:
 A = Non-vault XP
 B = Vault XP
 C = Vault XP percentage of total XP
 D = Non-vault monster count
 E = Vault monster count
 F = Vault count percentage of total count
                 A         B        C        D         E       F
            +---------+---------+-------+---------+---------+-------
      Total |     138 |      13 |   8.6 |      58 |       1 |   1.7
            +---------+---------+-------+---------+---------+-------
        D:1 |      48 |       0 |   0.0 |      25 |       0 |   0.0
        D:2 |      38 |      13 |  25.5 |      13 |       1 |   7.1
        D:3 |      52 |       0 |   0.0 |      20 |       0 |   0.0
            +---------+---------+-------+---------+---------+-------

Action                   |  1- 3 |  4- 6 || total
-------------------------+-------+-------++-------
Melee: Short sword       |   158 |   123 ||   281
Throw: Javelin           |    10 |       ||    10
  Use: Potion            |       |     2 ||     2
  Eat: Chunk             |     2 |     4 ||     6
       Ration            |     1 |       ||     1
Armor: Leather armour    |    31 |       ||    31
       Chain mail        |    15 |    73 ||    88
Dodge: Dodged            |    88 |    29 ||   117
